 Dungeon Sprint DCSS version 0.26-a0-642-g67e9924 (webtiles) character file.

Game seed: 12967738750578943911

64 Deeps the Covered (level 4, -4/40 HPs)
             Began as a Formicid Fighter on Sept 22, 2020.
             Was an Initiate of Okawaru.
             Slain by a troll (10 damage)
             ... in the Dungeon (Sprint IX: "|||||||||||||||||||||||||||||").
             The game lasted 00:00:30 (239 turns).

Deeps the Covered (Formicid Fighter)                 Turns: 239, Time: 00:00:31

Health: -4/40      AC:  7    Str: 22    XL:     4   Next: 32%
Magic:  4/4        EV:  9    Int:  7    God:    Okawaru [......]
Gold:   0          SH:  0    Dex: 10    Spells: 3/3 levels left

rFire    . . .     SeeInvis +   a - +0 long sword
rCold    . . .     Faith    .   (no shield)
rNeg     . . .     Spirit   .   b - +0 scale mail
rPois    .         Reflect  .   (helmet unavailable)
rElec    .         Harm     .   (no cloak)
rCorr    .         Rampage  .   (no gloves)
MR       .....                  (no boots)
Stlth    ..........             (no amulet)
HPRegen  0.13/turn              (no ring)
MPRegen  0.09/turn              (no ring)

@: no status effects
A: permanent stasis, dig shafts and tunnels, four strong arms, antennae 3
a: Dig, Renounce Religion


You were in the Dungeon.
You worshipped Okawaru.
Okawaru was noncommittal.
You visited 1 branch

Inventory:

Hand Weapons
 a - a +0 long sword (weapon)
 j - a +2 scimitar of holy wrath
   (You found it in the Dungeon)
 k - a +4 quarterstaff of speed
   (You found it in the Dungeon)
 l - a +2 halberd of venom
   (You found it in the Dungeon)
 m - a +2 morningstar of protection
   (You found it in the Dungeon)
 n - a +3 war axe of freezing
   (You found it in the Dungeon)
 o - a +2 rapier of distortion {!w}
   (You found it in the Dungeon)
Armour
 b - a +0 scale mail (worn)
 q - a +0 pair of boots
   (You found it in the Dungeon)
 r - a +0 cloak
   (You found it in the Dungeon)
Jewellery
 s - a +3 ring of strength
   (You found it in the Dungeon)
 t - a +3 ring of dexterity
   (You found it in the Dungeon)
Wands
 p - a wand of acid (10)
   (You found it in the Dungeon)
Scrolls
 h - 3 scrolls of remove curse
 i - 2 scrolls of amnesia
Potions
 c - a potion of invisibility
 d - a potion of might
 e - 5 potions of curing
 f - a potion of heal wounds
 g - 4 potions of magic


   Skills:
 + Level 5.8 Fighting
 + Level 4.7 Long Blades
 + Level 5.8 Armour
   Level 3.6 Shields


You had 3 spell levels left.
You didn't know any spells.
Your spell library was empty.

Dungeon Overview and Level Annotations

Branches:
Dungeon (1/1)

Altars:
Cheibriados
Dithmenos
Elyvilon
Fedhas
Gozag
Hepliaklqana
Kikubaaqudgha
Makhleb
Nemelex Xobeh
Okawaru
Qazlal
Ru
Sif Muna
Trog
Uskayaw
Vehumet
Wu Jian
Xom
Yredelemnul
Zin
The Shining One
Beogh
Jiyva
Lugonu


Innate Abilities, Weirdness & Mutations

You cannot be hasted, slowed, berserked, paralysed or teleported.
You can dig through walls and to a lower floor.
Your four strong arms can wield two-handed weapons with a shield.
You have a pair of large antennae on your head. (SInv)


Message History

There is a blossoming altar of Fedhas here.
Found an iron altar of Okawaru.
There is an opulent altar of Gozag here.
Found a stormy altar of Qazlal.
There is a hazy altar of Hepliaklqana here.
Found a sacrificial altar of Ru.
There is a viscous altar of Jiyva here.
Found a shimmering blue altar of Sif Muna.
There is an ancient bone altar of Kikubaaqudgha here.
Found a bloodstained altar of Trog.
There is a corrupted altar of Lugonu here.
Found a hide-covered altar of Uskayaw.
There is a burning altar of Makhleb here.
Found a radiant altar of Vehumet.
There is a sparkling altar of Nemelex Xobeh here.
Found an ornate altar of the Wu Jian Council.
There is an iron altar of Okawaru here.
You kneel at the altar of Okawaru.
Okawaru welcomes you!
Unknown command.
Press < or > to pray at altars.
Unknown command.
Press < or > to pray at altars.
Found a shimmering altar of Xom.
There is a stormy altar of Qazlal here.
Found a basalt altar of Yredelemnul.
There is a sacrificial altar of Ru here.
Found a glowing silver altar of Zin.
There is a shimmering blue altar of Sif Muna here.
Found a glowing golden altar of the Shining One.
There is a bloodstained altar of Trog here.
There is a hide-covered altar of Uskayaw here.
There is a radiant altar of Vehumet here.
There is an ornate altar of the Wu Jian Council here.
There is a shimmering altar of Xom here.
There is a basalt altar of Yredelemnul here.
There is a glowing silver altar of Zin here.
There is a glowing golden altar of the Shining One here.
You open the door.
There is an open door here.
g - 4 potions of magic (gained 2);
c - a potion of invisibility
f - 3 potions of heal wounds (gained 2);
e - 5 potions of curing (gained 4)
h - 3 scrolls of remove curse;
i - 2 scrolls of amnesia You see here a scroll of blinking {!r}.
j - a +2 scimitar of holy wrath;
k - a +4 quarterstaff of speed
l - a +2 halberd of venom;
m - a +2 morningstar of protection
n - a +3 war axe of freezing;
o - a +2 rapier of distortion {!w}
p - a wand of acid (10)
q - a +0 pair of boots
r - a +0 cloak You see here a +0 plate armour.
s - a +3 ring of strength
t - a +3 ring of dexterity You open the door.
A quokka, a troll, a white imp, an unseen horror, a zombie and a skeleton come into view.
The troll shouts!
The white imp gestures at you.
The puff of frost hits you but does no damage.
The white imp hits you but does no damage.
There is an open door to the Dungeon here.
You hit the white imp.
The white imp hits you but does no damage.
You barely miss the white imp.
The white imp lashes its tail.
The white imp gestures at you. The puff of frost hits you.
The white imp closely misses you.
You take 2 damage, and have 31/40 hp.
You closely miss the white imp. The white imp hits you.
The white imp freezes you.
You take 4 damage, and have 27/40 hp.
You hit the white imp.
The white imp hits you but does no damage.
You hit the white imp but do no damage.
The white imp hits you but does no damage.
You hit the white imp but do no damage. The white imp misses you.
You riposte.
You hit the white imp but do no damage.
Unknown command.
You slash the white imp!
You kill the white imp!
Okawaru accepts your kill.
You barely miss the troll. The troll bites you but does no damage.
The troll claws you but does no damage. The troll claws you.
The quokka twitches its whiskers.
The troll bites you!
* * * LOW HITPOINT WARNING * * *
The troll claws you.
* * * LOW HITPOINT WARNING * * *
The troll barely misses you.
You take 24 damage, and have 3/40 hp.
MASSIVE DAMAGE!!
You feel much better. The troll bites you but does no damage.
The troll barely misses you. The troll claws you!
You regained 11 hp, and now have 14/40 hp.
You feel much better. The troll bites you! The troll claws you. x2
You regained 4 hp, and now have 18/40 hp.
Your scale mail prevents you from hitting the troll.
The troll bites you!
* * * LOW HITPOINT WARNING * * *
The troll barely misses you. The troll claws you!
You die... {{{{{{ {{{{{{{{ ▓▓▓▓▓▓▓▓▓▓▓▓▓▓▓▓▓▓▓▓▓▓▓▓ ______'.?....[..@TZZxr.+ ▓▓▓▓▓▓▓▓▓▓▓▓▓▓▓▓▓▓▓▓▓▓▓▓

You could see a troll, an unseen horror (invisible), an adder zombie, a quokka and a bat skeleton.

Vanquished Creatures
  An iguana (D)
  2 adders (D)
  A white imp (D)
  2 oozes (D)
  A leopard gecko (D)
  A bat (D)
  A goblin (D)
  A leopard gecko skeleton (D)
  A rat (D)
11 creatures vanquished.

Notes
Turn   | Place    | Note
-------+----------+-------------------------------------------
     0 | D        | Deeps the Formicid Fighter began the quest for the Orb.
     0 | D        | Reached XP level 1. HP: 18/18 MP: 1/1
    28 | D        | Reached skill level 4 in Fighting
    28 | D        | Reached skill level 4 in Armour
    28 | D        | Reached XP level 2. HP: 18/25 MP: 2/2
    34 | D        | Reached skill level 3 in Long Blades
   168 | D        | Reached XP level 3. HP: 29/32 MP: 3/3
   169 | D        | Reached skill level 5 in Fighting
   169 | D        | Reached skill level 4 in Long Blades
   169 | D        | Reached skill level 5 in Armour
   174 | D        | Reached XP level 4. HP: 27/40 MP: 4/4
   182 | D        | Found a roughly hewn altar of Beogh.
   182 | D        | Found a snail-covered altar of Cheibriados.
   182 | D        | Found a shadowy altar of Dithmenos.
   182 | D        | Found a white marble altar of Elyvilon.
   182 | D        | Found a blossoming altar of Fedhas.
   182 | D        | Found an opulent altar of Gozag.
   183 | D        | Found a hazy altar of Hepliaklqana.
   184 | D        | Found a viscous altar of Jiyva.
   185 | D        | Found an ancient bone altar of Kikubaaqudgha.
   186 | D        | Found a corrupted altar of Lugonu.
   187 | D        | Found a burning altar of Makhleb.
   188 | D        | Found a sparkling altar of Nemelex Xobeh.
   189 | D        | Found an iron altar of Okawaru.
   190 | D        | Found a stormy altar of Qazlal.
   191 | D        | Found a sacrificial altar of Ru.
   192 | D        | Found a shimmering blue altar of Sif Muna.
   193 | D        | Found a bloodstained altar of Trog.
   194 | D        | Found a hide-covered altar of Uskayaw.
   195 | D        | Found a radiant altar of Vehumet.
   196 | D        | Found an ornate altar of the Wu Jian Council.
   197 | D        | Became a worshipper of Warmaster Okawaru
   198 | D        | Found a shimmering altar of Xom.
   199 | D        | Found a basalt altar of Yredelemnul.
   200 | D        | Found a glowing silver altar of Zin.
   201 | D        | Found a glowing golden altar of the Shining One.
   227 | D        | Noticed a troll
   227 | D        | Noticed an unseen horror
   236 | D        | HP: 9/40 [troll (15)]
   236 | D        | HP: 3/40 [troll (6)]
   239 | D        | Slain by a troll

Illustrated notes

Levels and vault maps discovered:
D:        linesprint [early_d, line_temple, items_1, d_10, items_2, lair_1,
          lair_end, items_3, orc_1, orc_end, items_4, d_15, swamp_1, shoals_1,
          snake_1, spider_1, d_20, vaults_1, items_5, swamp_end, shoals_end,
          snake_end, spider_end, vaults_end, d_27, items_6, zot_1, zot_end,
          crypt_end, forest_end, elf_end, slime_end, tomb_end, abyss_end,
          pan_hell_end]

Skill      XL: |  1  2  3 |
---------------+----------+-----
Fighting       | 4 5 |  5.8
Armour         | 4 5 |  5.8
Long Blades    | 3 4 |  4.7
Shields        | |  3.6

Action                   |  1- 3 |  4- 6 || total
-------------------------+-------+-------++-------
Melee: Long sword        |    36 |    11 ||    47
  Use: Potion            |       |     2 ||     2
Armor: Scale mail        |    16 |     8 ||    24
Dodge: Dodged            |    18 |     5 ||    23
       Rpst.: Long sword |     4 |     1 ||     5

Table legend: (Time is in decaauts)
 A = Elapsed time spent in this place.
 B = Non-inter-level travel time spent in this place.
 C = Inter-level travel time spent in this place.
 D = Time resting spent in this place.
 E = Time spent auto-exploring this place.
 F = Levels seen in this place.
 G = Mean time per level.
                   A        B        C        D        E       F      G
               +--------+--------+--------+--------+--------+-----+--------+
         Total |    250 |    250 |      0 |    121 |      0 |   1 |  250.0 |
       Dungeon |    250 |    250 |      0 |    121 |      0 |   1 |  250.0 |
               +--------+--------+--------+--------+--------+-----+--------+

Top non-repeatable levels by time:
       D: 250 daAuts

Table legend:
 A = Kills in this place as a percentage of kills in entire the game.
 B = Kills by you in this place as a percentage of kills by you in the entire game.
 C = Kills by friends in this place as a percentage of kills by friends in the entire game.
 D = Other kills in this place as a percentage of other kills in the entire game.
 E = Experience gained in this place as a percentage of experience gained in the entire game.
 F = Experience gained in this place divided by the number of levels of this place that you have seen.
                   A       B       C       D       E      F
               +-------+-------+-------+-------+-------+----------------------
         Total | 100.0 | 100.0 |   N/A |   N/A | 100.0 |  92.0
       Dungeon | 100.0 | 100.0 |   N/A |   N/A | 100.0 |  92.0
               +-------+-------+-------+-------+-------+----------------------
